 Dungeon Crawl Stone Soup version 0.21.1-1-g345015f (webtiles) character file.

52 tyranidshit the Skirmisher (level 3, 0/31 HPs)
             Began as a Demonspawn Abyssal Knight on July 26, 2018.
             Was a Follower of Lugonu.
             Slain by a worm (4 damage)
             ... on level 2 of the Dungeon.
             The game lasted 00:02:41 (832 turns).

tyranidshit the Skirmisher (DsAK)                    Turns: 832, Time: 00:02:42

Health: 0/31       AC: 11    Str: 13    XL:     3   Next: 60%
Magic:  4/4        EV:  8    Int: 13    God:    Lugonu [*.....]
Gold:   96         SH:  0    Dex: 20    Spells: 2/2 levels left

rFire    . . .     SeeInvis .   a - +1 hand axe
rCold    . . .     Gourm    .   (no shield)
rNeg     . . .     Faith    .   j - +0 plate armour
rPois    .         Spirit   .   f - +0 helmet
rElec    .         Reflect  .   (no cloak)
rCorr    .         Harm     .   (no gloves)
MR       .....                  (no boots)
Stlth    ..........             (no amulet)
HPRegen  0.10/turn              k - +3 ring of dexterity
MPRegen  0.09/turn              (no ring)

@: agile
A: hooves 1, nightstalker 1
a: Depart the Abyss, Renounce Religion


You were on level 2 of the Dungeon.
You worshipped Lugonu.
Lugonu was aware of your devotion.
You were not hungry.

You visited 1 branch of the dungeon, and saw 2 of its levels.
You visited the Abyss 1 time.

You collected 96 gold pieces.

Inventory:

Hand Weapons
 a - a +1 hand axe (weapon)
Armour
 b - a +0 leather armour
 f - a +0 helmet (worn)
 i - a +0 scale mail
 j - a +0 plate armour (worn)
Jewellery
 k - a +3 ring of dexterity (left hand)
Wands
 d - a wand of digging (16)
Scrolls
 g - a scroll of fear {unknown}
Books
 e - a book of Beasts

   Spells                             Type                      Level
   a - Summon Butterflies             Summoning                    1
   b - Call Canine Familiar           Summoning                    3
   c - Summon Ice Beast               Ice/Summoning                4
   d - Summon Mana Viper              Hexes/Summoning              5
   e - Summon Hydra                   Summoning                    7
Comestibles
 c - 2 rations


   Skills:
 + Level 4.6 Fighting
 - Level 1.7 Axes
 - Level 1.7 Armour
 - Level 0.8 Dodging
 - Level 2.4 Invocations


You had 2 spell levels left.
You didn't know any spells.

Dungeon Overview and Level Annotations

Branches:
Dungeon (2/15)

Altars:


Innate Abilities, Weirdness & Mutations

You have large cloven feet.
You are slightly more attuned to the shadows.


Message History

The goblin is heavily wounded.
The goblin hits you but does no damage.
You completely miss the goblin.
The goblin is heavily wounded.
The goblin barely misses you.
You hit the goblin. You kick the goblin, but do no damage.
The goblin is severely wounded.
The goblin hits you.
* * * LOW HITPOINT WARNING * * *
Unknown command.
You hit the goblin.
You kill the goblin!
Lugonu accepts your kill.
You hit the worm. You kick the worm.
The worm is heavily wounded.
Your plate armour prevents you from hitting the worm.
You kick the worm.
The worm is severely wounded.
The worm bites you.
You die...

# #####
###...#########
....#.#.#.....#
###.......# #.######
##........# #......#
##........###.##.#.#
##............##.#.#
#......#####.##.#.#
#......# #.##@#.#
######+# #.##w#.#
#.##.#†# ####
#......# ...#
.#####..### ##...
..........# ... .
............# ##.
...###....#.# .#
#)...# #


You could see a worm.

Vanquished Creatures
  2 adders (D:2)
  2 dart slugs
  4 leopard geckos
  2 bats
  6 goblins
  A hobgoblin (D:1)
  A frilled lizard (D:2)
  5 kobolds (D:1)
  3 rats
26 creatures vanquished.

Notes
Turn   | Place    | Note
-------+----------+-------------------------------------------
     0 | Abyss:1  | tyranidshit the Demonspawn Abyssal Knight began the quest for the Orb.
     0 | Abyss:1  | Reached XP level 1. HP: 18/18 MP: 2/2
     8 | Abyss:1  | Found a corrupted altar of Lugonu.
    25 | Abyss:1  | Noticed a fire giant skeleton
    25 | Abyss:1  | Noticed a large abomination
    25 | Abyss:1  | Noticed a titan skeleton
    25 | Abyss:1  | Noticed a ynoxinul
    25 | Abyss:1  | Noticed a spiny frog skeleton
    26 | D:1      | Escaped the Abyss
   102 | D:1      | Reached * piety under Lugonu
   102 | D:1      | Gained mutation: You have large cloven feet. [demonic ancestry]
   102 | D:1      | Reached XP level 2. HP: 24/24 MP: 3/3
   283 | D:1      | Reached skill level 4 in Fighting
   552 | D:2      | Gained mutation: You are slightly more attuned to the shadows. [demonic ancestry]
   552 | D:2      | Reached XP level 3. HP: 26/30 MP: 4/4
   832 | D:2      | Slain by a worm

Skill      XL: |  1  2 |
---------------+-------+-----
Fighting       | 4 |  4.6
Axes           | |  1.7
Armour         | |  1.7
Dodging        | |  0.8
Invocations    | |  2.4

Action                   || total
-------------------------++-------
Melee: Hand axe          ||    82
       Kick              ||    15
Invok: Depart the Abyss  ||     1
  Use: Potion            ||     4
       Scroll            ||     1
Armor: Leather armour    ||    12
       Plate armour      ||    46
       Scale mail        ||     2
Dodge: Dodged            ||    26
